 Dungeon Crawl Stone Soup version 0.22-a0-558-gc2241811a9 (webtiles) character file.

46 Kholdaimon the Vexing (level 3, -1/28 HPs)
             Began as a Gnoll Arcane Marksman on June 26, 2018.
             Was an Initiate of Okawaru.
             Slain by an iguana (9 damage)
             ... on level 2 of the Dungeon.
             The game lasted 00:08:07 (1104 turns).

Kholdaimon the Vexing (Gnoll Arcane Marksman)       Turns: 1104, Time: 00:08:07

Health: -1/28      AC:  5    Str: 13    XL:     3   Next: 66%
Magic:  6/7        EV: 13    Int: 15    God:    Okawaru [......]
Gold:   89         SH:  0    Dex: 15    Spells: 6/7 levels left

rFire    . . .     SeeInvis .   j - +0 whip
rCold    . . .     Gourm    .   (no shield)
rNeg     . . .     Faith    .   q - +0 ring mail
rPois    .         Spirit   .   (no helmet)
rElec    .         Reflect  .   (no cloak)
rCorr    .         Harm     .   (no gloves)
MR       .....                  (no boots)
Stlth    +.........             (no amulet)
HPRegen  0.09/turn              (no ring)
MPRegen  0.10/turn              (no ring)

@: no status effects
A: distributed training, fangs 1, strong nose
a: Renounce Religion


You were on level 2 of the Dungeon.
You worshipped Okawaru.
Okawaru was noncommittal.
You were hungry.

You visited 1 branch of the dungeon, and saw 2 of its levels.

You collected 89 gold pieces.

Inventory:

Hand Weapons
 a - a +0 hand crossbow
 c - a +0 short sword of flaming
 j - a +0 whip (weapon)
 o - a +0 hand axe
Missiles
 b - 31 poisoned needles
 d - 8 bolts
 m - 29 sling bullets
 p - 3 tomahawks (quivered)
 t - 23 stones
 v - 4 needles of sleeping
Armour
 k - a +2 cloak
 q - a +0 ring mail (worn)
 w - a +0 chain mail
Jewellery
 n - a +3 ring of dexterity {unknown}
Scrolls
 e - a scroll of random uselessness {unknown}
 g - 4 scrolls of identify {unknown}
 l - a scroll of blinking {unknown}
 s - a scroll of teleportation {unknown}
Potions
 h - a potion of invisibility {unknown}
 i - 3 potions of curing {unknown}
 u - 2 potions of agility {unknown}
Comestibles
 f - 3 rations
 r - 4 chunks of flesh


   Skills:
 + Level 2.6 Fighting
 + Level 0.9 Short Blades
 + Level 0.9 Long Blades
 + Level 0.9 Axes
 + Level 0.9 Maces & Flails
 + Level 0.9 Polearms
 + Level 0.9 Staves
 + Level 0.9 Slings
 + Level 0.9 Bows
 + Level 4.5 Crossbows
 + Level 0.9 Throwing
 + Level 0.9 Armour
 + Level 4.5 Dodging
 + Level 0.9 Stealth
 + Level 0.9 Shields
 + Level 0.9 Unarmed Combat
 + Level 2.8 Spellcasting
 + Level 0.6 Conjurations
 + Level 5.4 Hexes
 + Level 0.6 Charms
 + Level 0.6 Summonings
 + Level 0.6 Necromancy
 + Level 0.6 Translocations
 + Level 0.6 Transmutations
 + Level 0.6 Fire Magic
 + Level 0.6 Ice Magic
 + Level 0.6 Air Magic
 + Level 0.6 Earth Magic
 + Level 0.6 Poison Magic
 + Level 1.0 Invocations
 + Level 0.9 Evocations


You had 6 spell levels left.
You knew the following spells:

 Your Spells              Type           Power        Failure   Level  Hunger
a - Corona                Hex            ###....      4%          1    #......

Your spell library contained the following spells:

 Spells                   Type           Power        Failure   Level  Hunger
 Cause Fear               Hex            ###.......   43%         4    #####..
 Slow                     Hex            ###.....     7%          2    ##.....
 Portal Projectile        Hex/Tloc       ##....       36%         3    ###....
 Leda's Liquefaction      Hex/Erth       ##........   77%         4    #####..
 Inner Flame              Hex/Fire       ##......     36%         3    ###....


Dungeon Overview and Level Annotations

Branches:
Dungeon (2/15)

Altars:
Okawaru
Ru
Trog


Innate Abilities, Weirdness & Mutations

Your experience applies equally to all skills.
You have very sharp teeth.
Your uncanny sense of smell can sniff out nearby items.


Message History

You hit the iguana.
The iguana is moderately wounded.
The iguana closely misses you.
You hit the iguana but do no damage.
The iguana is moderately wounded.
The iguana barely misses you. The iguana bites you.
* * * LOW HITPOINT WARNING * * *
You hit the iguana but do no damage.
The iguana is moderately wounded.
The iguana closely misses you.
You hit the iguana.
The iguana is heavily wounded.
The iguana misses you.
You hit the iguana.
The iguana is severely wounded.
The iguana bites you but does no damage.
You hit the iguana.
The iguana is almost dead.
The iguana bites you!
You die...

........)###.#.##.###
.........#..........#
.........+...#.#.##.#
.........#...#......# #
.........#...#.######.#
......................#
..####.####.##.....####
..# #...........# .###
####..@..##.# ...#
#..l..# # ...### ###
#(....# ....[#....
....(....
.._.............##....
....##.......... ......
...###.......... ......
...# #.......... ......
.#.###...$..


You could see an iguana.

Vanquished Creatures
  2 worms (D:2)
  A dart slug (D:1)
  A leopard gecko (D:1)
  A ball python (D:1)
  2 giant cockroaches
  4 goblins
  5 hobgoblins
  6 bats
  4 frilled lizards
  7 kobolds
  4 rats
37 creatures vanquished.

Notes
Turn   | Place    | Note
-------+----------+-------------------------------------------
     0 | D:1      | Kholdaimon the Gnoll Arcane Marksman began the quest for the Orb.
     0 | D:1      | Reached XP level 1. HP: 17/17 MP: 4/4
   162 | D:1      | Reached XP level 2. HP: 23/23 MP: 5/5
   607 | D:1      | Reached XP level 3. HP: 28/28 MP: 7/7
   752 | D:2      | Found a sacrificial altar of Ru.
   752 | D:2      | Found a bloodstained altar of Trog.
   842 | D:2      | Found an iron altar of Okawaru.
   853 | D:2      | Became a worshipper of Warmaster Okawaru
   923 | D:2      | Reached skill level 1 in Invocations
   979 | D:2      | Found a faded altar of an unknown god.
  1104 | D:2      | Slain by an iguana

Vault maps used:
D:1:      onia_arrival_mini_maze, corner_web_ring
D:2:      grunt_temple_overflow_open, chequers_ecumenical_altar_simple_redux

Skill      XL: |  1  2  3 |
---------------+----------+-----
Invocations    | 1 |  1.0
Fighting       | |  2.6
Short Blades   | |  0.9
Long Blades    | |  0.9
Axes           | |  0.9
Maces & Flails | |  0.9
Polearms       | |  0.9
Staves         | |  0.9
Slings         | |  0.9
Bows           | |  0.9
Crossbows      | |  4.5
Throwing       | |  0.9
Armour         | |  0.9
Dodging        | |  4.5
Stealth        | |  0.9
Shields        | |  0.9
Unarmed Combat | |  0.9
Spellcasting   | |  2.8
Conjurations   | |  0.6
Hexes          | |  5.4
Charms         | |  0.6
Summonings     | |  0.6
Necromancy     | |  0.6
Translocations | |  0.6
Transmutations | |  0.6
Fire Magic     | |  0.6
Ice Magic      | |  0.6
Air Magic      | |  0.6
Earth Magic    | |  0.6
Poison Magic   | |  0.6
Evocations     | |  0.9

Action                   || total
-------------------------++-------
Melee: Whip              ||    26
       Bite              ||     3
       Punch             ||     1
 Fire: Hand crossbow     ||    61
 Cast: Corona            ||     1
Armor: Ring mail         ||     3
Dodge: Dodged            ||    19

Table legend:
 A = Spawn XP
 B = Non-spawn XP
 C = Spawn XP percentage of total XP
 D = Spawn monster count
 E = Non-spawn monster count
 F = Spawn count percentage of total count
 G = Total turns spent on level
                    A         B        C        D         E        F      G
               +---------+---------+-------+---------+---------+-------+---------
         Total |       0 |      66 |   0.0 |       0 |      37 |   0.0 |  1104
               +---------+---------+-------+---------+---------+-------+---------
           D:1 |       0 |      34 |   0.0 |       0 |      19 |   0.0 |   670
           D:2 |       0 |      32 |   0.0 |       0 |      18 |   0.0 |   434
               +---------+---------+-------+---------+---------+-------+---------
